 Dungeon Crawl Stone Soup version 0.30-a0-341-g682706514a (webtiles) character file.

Game seed: 17489337064257441839

559012 MrRokkomies the Impregnable (level 25, -1/254 (260) HPs)
             Began as an Armataur Gladiator on Nov 1, 2022.
             Was a Believer of Yredelemnul.
             Slain by a storm dragon (10 damage)
             ... on level 4 of the Realm of Zot.
             The game lasted 02:41:52 (52705 turns).

MrRokkomies the Impregnable (Armataur Gladiator)   Turns: 52705, Time: 02:41:56

HP:   -1/254 (260)  AC: 65    Str: 29    XL:     25   Next: 28%
MP:   36/36         EV:  5    Int: 14    God:    Yredelemnul [**....]
Gold: 5276          SH: 15    Dex: 13    Spells: 24/24 levels left

rFire   + + .      SeeInvis .    a - +8 demon trident "Rift" {distort, reach+}
rCold   + + +      Faith    +    S - +2 kite shield {reflect}
rNeg    + . .      Spirit   .    P - +14 crystal plate armour {ponderous}
rPois   +          Reflect  +    y - +0 hat {Will+}
rElec   +          Harm     .    G - +3 cloak of the Dice {rC+ Regen+}
rCorr   .          Roll     +    I - +1 pair of gloves {Stlth+}
Will    ++++.      Clarity  +    Y - +6 lightning scales {swift, rElec}
Stlth   ..........               D - amulet of faith
HPRegen 2.22/turn                N - ring of Pokearuy {Contam rPois rF+ rC++ Will+}
MPRegen 0.25/turn                i - ring "Ehiruq" {rElec rF+ rN+ Will+ Int+6}

@: about to teleport, slowed, studying Polearms, lightly drained, very slow
A: large, rugged brown scales 3, deformed body, armoured tail, roll, long
tongue, awkward tongue, iridescent scales 1, clarity, dopey 1, regeneration 1,
shaggy fur 1, inability to drink after injury 1
}: 3/15 runes: barnacled, slimy, gossamer
a: Renounce Religion, Recall Undead Harvest, Dark Bargain


You were on level 4 of the Realm of Zot.
You worshipped Yredelemnul.
Yredelemnul was most pleased with you.
You visited 12 branches of the dungeon, and saw 54 of its levels.
You also visited: Gauntlet and Wizlab.

You collected 9061 gold pieces.
You spent 3785 gold pieces at shops.

Inventory:

Hand Weapons
 a - the +8 demon trident "Rift" (weapon) {distort, reach+}
   (You bought it in a shop on level 4 of the Dungeon)

   It warps and distorts space around it, and may blink, banish, or inflict
   extra damage upon those it strikes.
   Unwielding it can cause banishment or high damage.
   It can reach especially far, and its reaching attacks ignore other creatures
   in the way.
Missiles
 d - a throwing net (quivered)
 e - 20 javelins
 t - 21 silver javelins
 F - 15 boomerangs
Armour
 y - a +0 hat of willpower (worn)
 G - the +3 cloak of the Dice (worn) {rC+ Regen+}
   (You bought it in a shop on level 2 of the Orcish Mines)

   rC:        It protects you from cold.
   Regen:     It increases your rate of health regeneration.
 I - a +1 pair of gloves of stealth (worn)
 P - a +14 crystal plate armour of ponderousness (worn)
 S - a +2 kite shield of reflection (worn)
 Y - the +6 lightning scales (worn) {swift, rElec}
   (You found it on level 5 of the Pits of Slime)

   It allows the wearer to cover ground more swiftly.
   rElec:     It insulates you from electricity.
Jewellery
 i - the ring "Ehiruq" (right hand) {rElec rF+ rN+ Will+ Int+6}
   (You found it in a Gauntlet)

   [ring of intelligence]

   Int:       It affects your intelligence (+6).
   rF:        It protects you from fire.
   rElec:     It insulates you from electricity.
   rN:        It protects you from negative energy.
   Will:      It increases your willpower.
 D - an amulet of faith (around neck)
 N - the ring of Pokearuy (left hand) {Contam rPois rF+ rC++ Will+}
   (You found it on level 12 of the Dungeon)

   [ring of protection from fire]

   rF:        It protects you from fire.
   rC:        It greatly protects you from cold.
   rPois:     It protects you from poison.
   Contam:    It causes magical contamination when unequipped.
   Will:      It increases your willpower.
 Q - the ring of Okawaru's Generosity {rF+ Str+6 Slay+3}
   (You took it off a deep elf high priest on level 3 of the Elven Halls)

   [ring of strength]

   Str:       It affects your strength (+6).
   Slay:      It affects your accuracy & damage with ranged weapons and melee
   (+3).
   rF:        It protects you from fire.
 U - a ring of see invisible
Wands
 b - a wand of mindburst (26)
 q - a wand of acid (18)
 x - a wand of digging (1)
 H - a wand of polymorph (16)
 K - a wand of charming (32)
 R - a wand of roots (41)
 V - a wand of flame (64)
Scrolls
 f - 19 scrolls of teleportation
 l - 8 scrolls of enchant weapon
 o - 4 scrolls of magic mapping
 p - 9 scrolls of immolation
 w - 2 scrolls of poison
 C - 5 scrolls of fear
 T - 5 scrolls of blinking
 W - 6 scrolls of amnesia
 X - 11 scrolls of butterflies
Potions
 c - 4 potions of berserk rage
 g - 7 potions of brilliance
 j - 5 potions of heal wounds
 k - 27 potions of curing
 m - 8 potions of mutation
 n - 10 potions of haste
 r - 5 potions of invisibility
 s - 5 potions of magic
 u - 4 potions of cancellation
 B - 5 potions of resistance
 E - 9 potions of might
 J - 7 potions of ambrosia
 L - 11 potions of lignification
 O - 12 potions of attraction
 Z - 4 potions of flight
Miscellaneous
 h - a lightning rod (4/4)
 v - a phantom mirror
 z - a box of beasts
 A - a condenser vane (inert)
 M - a phial of floods


   Skills:
 * Level 23.2 Fighting
 - Level 13.8(14.0) Polearms
 - Level 2.6(10.1) Staves
 - Level 1.7 Throwing
 + Level 24.9 Armour
 - Level 4.5 Dodging
 - Level 6.0 Stealth
 - Level 15.1 Shields
 + Level 19.7 Invocations
 * Level 17.7 Evocations


You had 24 spell levels left.
You didn't know any spells.
Your spell library contained the following spells:

 Spells                   Type           Power      Damage    Failure   Level
 Beastly Appendage        Tmut           0%         N/A       96%         1
 Freeze                   Ice            0%         1d3       96%         1
 Kiss of Death            Conj/Necr      0%         2d5       96%         1
 Magic Dart               Conj           0%         1d3       96%         1
 Necrotise                Necr           0%         1d4       96%         1
 Shock                    Conj/Air       0%         1d3       96%         1
 Slow                     Hex            0%         N/A       96%         1
 Sting                    Tmut/Pois      0%         1d3       96%         1
 Blink                    Tloc           0%         N/A       99%         2
 Call Imp                 Summ           0%         N/A       99%         2
 Cigotuvi's Dreadful Rot  Necr/Pois/Air  0%         N/A       99%         2
 Momentum Strike          Conj/Tloc      0%         3d8       99%         2
 Poisonous Vapours        Pois/Air       0%         N/A       99%         2
 Searing Ray              Conj           0%         2d4       99%         2
 Static Discharge         Conj/Air       0%         2-2/arc   99%         2
 Sublimation of Blood     Necr           0%         N/A       99%         2
 Wereblood                Tmut           0%         N/A       99%         2
 Confusing Touch          Hex            0%         N/A       100%        3
 Hailstorm                Conj/Ice       0%         3d3       100%        3
 Ignite Poison            Fire/Tmut/Pois 0%         N/A       100%        3
 Inner Flame              Hex/Fire       0%         N/A       100%        3
 Kindle Blastsparks       Fire/Tloc/Air  0%         2d10      100%        3
 Lesser Beckoning         Tloc           0%         N/A       100%        3
 Mephitic Cloud           Conj/Pois/Air  0%         N/A       100%        3
 Ozocubu's Armour         Ice            0%         N/A       100%        3
 Portal Projectile        Hex/Tloc       0%         N/A       100%        3
 Spider Form              Tmut/Pois      0%         N/A       100%        3
 Summon Guardian Golem    Hex/Summ       0%         N/A       100%        3
 Swiftness                Air            0%         N/A       100%        3
 Tukima's Dance           Hex            0%         N/A       100%        3
 Vampiric Draining        Necr           0%         2d6       100%        3
 Vhi's Electric Charge    Tloc/Air       0%         N/A       100%        3
 Airstrike                Air            0%         2d(0-16)  100%        4
 Dispel Undead            Necr           0%         3d6       100%        4
 Flame Wave               Conj/Fire      0%         2d4       100%        4
 Fulminant Prism          Conj/Hex       0%         3d5       100%        4
 Ice Form                 Ice/Tmut       0%         N/A       100%        4
 Leda's Liquefaction      Hex/Erth       0%         N/A       100%        4
 Manifold Assault         Tloc           0%         N/A       100%        4
 Passage of Golubria      Tloc           0%         N/A       100%        4
 Petrify                  Tmut/Erth      0%         N/A       100%        4
 Sticky Flame             Conj/Fire      0%         2d3       100%        4
 Summon Lightning Spire   Summ/Air       0%         N/A       100%        4
 Agony                    Necr           0%         N/A       100%        5
 Alistair's Intoxication  Tmut/Pois      0%         N/A       100%        5
 Arcjolt                  Conj/Air       0%         1d10      100%        5
 Blade Hands              Tmut           0%         N/A       100%        5
 Borgnjor's Vile Clutch   Necr/Erth      0%         N/A       100%        5
 Freezing Cloud           Conj/Ice/Air   0%         6-21      100%        5
 Irradiate                Conj/Tmut      0%         3d11      100%        5
 Iskenderun's Battlesphe  Conj           0%         2d6       100%        5
 Lee's Rapid Deconstruct  Erth           0%         3d4*      100%        5
 Lightning Bolt           Conj/Air       0%         1d11      100%        5
 Metabolic Englaciation   Hex/Ice        0%         N/A       100%        5
 Silence                  Hex/Air        0%         N/A       100%        5
 Summon Forest            Summ/Tloc      0%         N/A       100%        5
 Summon Mana Viper        Hex/Summ       0%         N/A       100%        5
 Yara's Violent Unravell  Hex/Tmut       0%         3d3       100%        5
 Conjure Ball Lightning   Conj/Air       0%         3x3d6     100%        6
 Eringya's Noxious Bog    Tmut/Pois      0%         N/A       100%        6
 Iron Shot                Conj/Erth      0%         9d1       100%        6
 Statue Form              Tmut/Erth      0%         N/A       100%        6
 Summon Cactus Giant      Summ           0%         N/A       100%        6
 Malign Gateway           Summ/Tloc      0%         N/A       100%        7
 Orb of Destruction       Conj           0%         9d5       100%        7
 Ozocubu's Refrigeration  Ice            0%         4d7       100%        7
 Spellforged Servitor     Conj/Summ      0%         N/A       100%        7
 Storm Form               Tmut/Air       0%         N/A       100%        7
 Summon Hydra             Summ           0%         N/A       100%        7
 Discord                  Hex            0%         N/A       100%        8
 Disjunction              Tloc           0%         N/A       100%        8
 Ignition                 Fire           0%         3d3       100%        8
 Lehudib's Crystal Spear  Conj/Erth      0%         10d2      100%        8
 Summon Horrible Things   Summ           0%         N/A       100%        8
 Chain Lightning          Conj/Air       0%         N/A       100%        9
 Death's Door             Necr           0%         N/A       100%        9
 Polar Vortex             Ice            0%         N/A       100%        9
 Death Channel            Necr           Unusable   N/A       N/A         6
 Simulacrum               Ice/Necr       Unusable   N/A       N/A         6

Dungeon Overview and Level Annotations

Branches:
Dungeon (15/15)            Temple (1/1) D:4            Lair (5/5) D:11
 Shoals (4/4) Lair:3       Spider (4/4) Lair:2        Slime (5/5) Lair:5
    Orc (2/2) D:11            Elf (3/3) Orc:2        Vaults (4/5) D:13
  Crypt (3/3) Vaults:2       Tomb (0/3) Crypt:3      Depths (4/4) D:15
    Zot (4/5) Depths:4     WizLab (visited)         Gauntlet (visited)

Altars:
Ashenzari
Cheibriados
Dithmenos
Elyvilon
Fedhas
Gozag
Hepliaklqana
Kikubaaqudgha
Makhleb
Nemelex Xobeh
Okawaru
Qazlal
Ru
Sif Muna
Trog
Uskayaw
Vehumet
Wu Jian
Xom
Yredelemnul
Zin
The Shining One
Jiyva

Shops:
D:4 (   D:5 (   Orc:1 **[   Orc:2 !=[!   Elf:2 [   Elf:3 =   Shoals:4 *
Vaults:3 (

Portals:
Hell: Depths:1 Depths:2 Depths:3 Depths:4
Abyss: Depths:3
Pandemonium: Depths:2
Ziggurat: Depths:1

Annotations:
Lair:4 3 runed translucent doors, Deankoak's ghost, journeyman DrCK; Viurghidai's ghost, journeyman DsRe
Shoals:1 1 runed translucent door, Necrophagist's ghost, journeyman DgFi
Shoals:3 Roxanne
Orc:2 3 runed translucent doors, twist's ghost, journeyman GnCA
Depths:2 2 transporters, exclusion: orange crystal statue, Doitesyx's ghost, veteran MiBe; Fionoibb's ghost, veteran GrEE; Uprem's ghost, veteran KoHu
Zot:3 2 transporters, twist's ghost, veteran MiRe
Abyss:1 Bai Suzhen; Boris; Grunn; Jory; Mlioglotl; Zenata


Innate Abilities, Weirdness & Mutations

You are completely covered in rugged brown scales. (AC +3, +7% HP)
Armour fits poorly on your strangely shaped body.
You have a long armoured tail.
You roll when moving toward enemies. (Rampage)
Your long tongue fully drains potion bottles. (2x potion effects)
Your tongue gives you trouble enunciating. (1.5x scroll delay)
You are partially covered in iridescent scales. (AC +2)
You possess an exceptional clarity of mind.
You are dopey. (Int -2)
Your natural rate of healing is unusually fast.
You are covered in fur. (AC +1)
You occasionally lose the ability to drink potions when taking damage.


Message History

Something hits you but does no damage.
The white draconian is engulfed in freezing vapours.
You block the white draconian's attack.
The death cob is engulfed in freezing vapours.
The death cob hits you but does no damage.
The death cob is engulfed in freezing vapours.
The death cob hits you but does no damage.
The storm dragon is engulfed in freezing vapours.
The storm dragon bites you but does no damage.
The storm dragon claws you but does no damage.
The storm dragon tramples you.
* * * LOW HITPOINT WARNING * * *
You hold your ground!
The red draconian is engulfed in freezing vapours.
Your moth of wrath zombie is engulfed in freezing vapours.
Your quicksilver dragon zombie completely misses the death cob.
Your quicksilver dragon zombie claws the death cob!
The death cob is engulfed in freezing vapours.
The shadow dragon bites you!!
* * * LOW HITPOINT WARNING * * *
The shadow dragon claws you but does no damage.
The shadow dragon barely misses you.
The green draconian is engulfed in freezing vapours.
The purple draconian shifter mumbles some strange words.
The purple draconian shifter blinks!
The green draconian monk is engulfed in freezing vapours.
The purple draconian shifter mumbles some strange words.
The purple draconian shifter blinks!
The red draconian is engulfed in freezing vapours.
The red draconian seems to slow down.
The death cob is engulfed in freezing vapours.
The death cob hits your quicksilver dragon zombie!
The death cob drains your quicksilver dragon zombie's vigour!
Your quicksilver dragon zombie seems to slow down.
The death cob is engulfed in freezing vapours.
You block the death cob's attack.
The storm dragon is engulfed in freezing vapours.
The storm dragon completely misses you. The storm dragon claws you!
You die...
Your body rises from the dead as a mindless zombie.

... .......
##...§......
#.§§§§....>.
.Z§§§§§§q..
q§#§§§§D..
#dd.§§§# ####
#dqd§# ......
#...####D{zD#
.....##
#.^...Zz@####
#.....##
#...!.§zD##
#.......
##....§§§§#####
#.......
######..(#...#
#.....
#.......# #...#
##......#
##.<.#
###..[.###
#...###
#......#
#.....#
#....###
#.....#


You could see 2 shadow dragons, a green draconian monk, a golden dragon, a storm
dragon (berserk, drained), a green draconian (slow), 2 draconians, a white
draconian (berserk, drained), 2 draconians, 3 death cobs, a friendly quicksilver
dragon zombie (slow) and a friendly moth of wrath zombie.

Vanquished Creatures
  An orb of fire (Zot:1)
  An ancient lich (WizLab)
  Nikola (Depths:2)
  7 golden dragons
  A bone dragon (Depths:4)
  A Tzitzimitl (Depths:4)
  An electric golem (Zot:1)
  2 doom hounds (Depths:4)
  Jorgrun (D:14)
  5 tentacled monstrosities
  2 liches
  2 deep elf blademasters (Elf:3)
  A titan (Depths:3)
  Asterion (Vaults:2)
  3 quicksilver dragons
  2 deep elf master archers (Elf:3)
  A spectral tengu (Slime:5)
  11 acid blobs
  2 death cobs
  9 ancient champions
  A kraken (Shoals:3)
  A tengu reaver (Depths:3)
  The ghost of Ociafasm the Severer, an adept DDFi of Makhleb (Spider:3)
  7 sphinxes
  Polyphemus (Shoals:2)
  3 shadow dragons
  Agnes (Elf:2)
  3 revenants
  10 azure jellies
  2 draconian monks
  A draconian knight (Zot:1)
  12 fire giants
  5 storm dragons
  8 rockslimes (Slime:5)
  A frost giant (Depths:2)
  A draconian scorcher (Zot:3)
  7 vault wardens
  2 emperor scorpions (Spider:4)
  A cacodemon (Depths:3)
  A balrug (Depths:3)
  2 ghost moths
  2 curse skulls (Crypt:2)
  2 draconian stormcallers (Depths:4)
  11 ironbound preservers
  2 spriggan defenders
  3 draconian annihilators
  A draconian shifter (Zot:3)
  An orc warlord (Orc:2)
  6 stone giants
  3 ghouls (Crypt:1)
  7 quicksilver oozes
  3 war gargoyles
  An ironbound thunderhulk (Vaults:1)
  6 very ugly things
  2 reapers
  2 vampire knights
  5 deep elf demonologists (Elf:3)
  11 deep elf annihilators
  2 black draconians
  A green draconian (Zot:1)
  A white draconian (Zot:1)
  A minotaur (Gauntlet)
  3 yellow draconians
  2 dire elephants
  2 purple draconians
  A red draconian (Zot:1)
  10 spark wasps
  4 deep elf death magi (Elf:3)
  4 merfolk javelineers
  2 blizzard demons (Depths:3)
  5 eidola
  3 ettins
  Snorg (D:10)
  A green death (Crypt:1)
  A fire dragon (Zot:1)
  3 deep elf high priests (Elf:3)
  3 merfolk impalers (Shoals:4)
  A crystal guardian (Vaults:3)
  8 jiangshi
  7 entropy weavers
  7 yaktaur captains
  7 great orbs of eyes
  9 vault guards
  2 hydras
  A quicksilver dragon skeleton (Crypt:2)
  3 hell beasts
  An ogre mage (Orc:2)
  3 peacekeepers
  A radroach (Spider:2)
  5 ice dragons
  2 jorogumos (Spider:4)
  3 spriggan air magi (Depths:2)
  A spriggan skeleton (Crypt:1)
  6 centaur warriors
  2 merfolk aquamancers (Shoals:4)
  A merfolk avatar (Shoals:4)
  5 ironbound frosthearts
  18 dancing weapons
  5 boulder beetles
  A death scarab (Spider:3)
  3 satyrs
  3 two-headed ogres
  4 deep troll shamans
  A hell hog (Depths:4)
  3 tengu warriors
  3 death yaks
  4 deep troll earth magi
  2 orc high priests
  A quicksilver ooze zombie (Slime:5)
  A spriggan berserker (Depths:3)
  5 vampire magi
  6 hell knights
  13 deep elf knights
  2 soul eaters
  4 iron trolls
  3 pharaoh ants
  3 sixfirhies
  33 skeletal warriors
  A goliath frog (Crypt:1)
  6 sea snakes
  A spark wasp zombie (D:15)
  7 orb spiders
  2 sun moths (Spider:4)
  8 deep elf archers
  A steelbarb worm (shapeshifter) (Depths:3)
  5 steelbarb worms
  2 glowing orange brains
  10 lindwurms
  28 deep trolls
  An obsidian statue (Depths:3)
  3 flayed ghosts
  6 ironbound convokers
  3 wizards
  3 spectral wolf spiders
  7 phantasmal warriors
  19 harpies
  7 necromancers
  18 deep elf zephyrmancers
  21 deep elf pyromancers
  2 shining eyes
  14 wolf spiders
  An iron dragon zombie (Crypt:2)
  An oklob plant (Gauntlet)
  21 ugly things
  4 orc sorcerers
  A shadow dragon skeleton (Crypt:1)
  4 manticores
  A death scarab zombie (Spider:3)
  12 fauns
  18 moths of wrath
  3 elephants (Lair:5)
  5 cyclopes
  A moth of wrath (shapeshifter) (Depths:3)
  An eye of devastation (shapeshifter) (Depths:3)
  8 merfolk sirens
  A guardian serpent (shapeshifter) (Elf:1)
  An elephant slug zombie (Crypt:1)
  3 black mambas
  2 smoke demons
  6 water nymphs
  11 vault sentinels
  5 gargoyles
  An orange demon (Depths:2)
  A komodo dragon (Lair:1)
  A spectral redback (Spider:4)
  9 demonic crawlers
  3 cane toads
  A death yak zombie (Crypt:3)
  An emperor scorpion simulacrum (Spider:3)
  A rime drake (Lair:4)
  2 unseen horrors
  12 yaktaurs
  A freezing wraith (D:15)
  A spectral steelbarb worm (Spider:4)
  An efreet (D:13)
  2 tengu conjurers
  2 ghost moth simulacra (Spider:3)
  3 tormentors (Depths:4)
  A yaktaur skeleton (Vaults:3)
  2 meliai (Spider:4)
  5 trolls
  A red devil (Depths:3)
  2 harpy skeletons
  A polar bear (Lair:1)
  A hydra skeleton (Crypt:3)
  16 merfolk
  2 sun moth zombies (Spider:4)
  A wolf spider simulacrum (Spider:3)
  2 hornets
  8 wind drakes
  A spectral meliai (Spider:4)
  18 tarantellas
  2 jumping spider zombies (Spider:4)
  49 slime creatures
  2 blink frogs
  5 snapping turtles
  An ettin zombie (D:15)
  15 dream sheep
  An ice dragon zombie (Crypt:1)
  Sigmund (D:4)
  20 jumping spiders
  4 shadows
  2 air elementals
  14 culicivoras
  2 slime creature zombies (Slime:5)
  A wraith (D:11)
  An ettin skeleton (Vaults:3)
  10 water elementals
  A ynoxinul (Depths:3)
  4 vampires (WizLab)
  4 wyverns
  28 yaks
  A naga simulacrum (Crypt:2)
  2 hogs (D:14)
  A golden eye (shapeshifter) (D:15)
  3 fire elementals
  29 redbacks
  2 chaos spawn
  3 basilisks (Lair:5)
  A warg (Orc:2)
  A two-headed ogre zombie (WizLab)
  Menkaure (D:4)
  A fire bat zombie (Crypt:3)
  2 steam dragons
  10 vampire mosquitoes
  A glowing shapeshifter zombie (Vaults:2)
  8 water moccasins
  2 acid dragons
  A floating eye (Slime:5)
  A hell hound (Lair:5)
  A water moccasin (shapeshifter) (Depths:1)
  5 black bears
  A merfolk skeleton (Crypt:3)
  17 orc warriors
  6 ogres
  9 wolves
  6 centaurs
  2 phantoms
  8 bullfrogs
  4 kobold brigands
  Blork the orc (D:5)
  2 necrophages
  An entropy weaver simulacrum (Spider:3)
  3 scorpions
  An earth elemental (Elf:3)
  3 wights (WizLab)
  A shapeshifter zombie (Crypt:1)
  6 troll zombies (WizLab)
  4 killer bees (D:9)
  A polar bear skeleton (Crypt:2)
  A yak skeleton (Crypt:1)
  3 electric eels
  5 howler monkeys
  A small abomination (Crypt:1)
  13 orc priests
  A bullfrog skeleton (Crypt:3)
  Crazy Yiuf (D:7)
  A gnoll bouda (D:5)
  6 jellies
  8 hell rats
  3 iguanas
  22 orc wizards
  8 ogre zombies (WizLab)
  Robin (D:4)
  5 gnolls
  A howler monkey skeleton (Crypt:2)
  8 adders
  A white imp (D:8)
  2 worms (D:2)
  A dart slug (D:5)
  53 orcs
  6 endoplasms
  A giant cockroach (D:2)
  10 goblins
  15 hobgoblins
  5 quokkas
  9 ball pythons
  8 bats
  5 frilled lizards
  A goblin skeleton (Crypt:3)
  23 kobolds
  8 rats
  A spectral orc (D:4)
1381 creatures vanquished.

Vanquished Creatures (collateral kills)
  the Royal Jelly (Slime:5)
  A dread lich (Depths:3)
  A Killer Klown (Zot:3)
  A golden dragon (Zot:3)
  2 caustic shrikes
  A bone dragon (Crypt:3)
  4 Tzitzimimeh (Depths:4)
  A doom hound (Depths:4)
  A walking crystal tome (Depths:1)
  2 tentacled monstrosities
  A lich (Depths:2)
  A deep elf blademaster (Elf:2)
  2 quicksilver dragons
  A walking frostbound tome (Depths:2)
  6 acid blobs
  A death cob (Zot:2)
  3 sphinxes
  Gastronok (D:10)
  3 tengu reavers
  A storm dragon (Zot:3)
  6 azure jellies
  4 rockslimes
  Ilsuiw (Shoals:3)
  A draconian monk (Zot:1)
  5 fire giants
  Aizul (Depths:2)
  2 vault wardens
  A ghost moth (Zot:3)
  2 draconian shifters
  5 frost giants
  2 draconian scorchers
  A ghost moth (shapeshifter) (Vaults:4)
  A draconian annihilator (Zot:3)
  A curse skull (Crypt:3)
  A spriggan defender (Depths:2)
  2 draconian stormcallers
  An orc warlord (Vaults:1)
  3 ironbound preservers
  A reaper (Depths:4)
  A deep elf elementalist (Elf:3)
  2 very ugly things
  A war gargoyle (Vaults:3)
  5 stone giants
  A quicksilver ooze (Slime:5)
  2 vampire knights
  A green draconian (Zot:1)
  2 deep elf demonologists
  3 deep elf annihilators (Elf:3)
  A putrid mouth (Depths:4)
  3 dire elephants
  5 white draconians
  3 spark wasps
  3 purple draconians
  3 red draconians
  3 fire dragons
  2 deep elf death magi
  An ettin (Orc:2)
  A crystal guardian (Vaults:3)
  An entropy weaver (Spider:4)
  2 merfolk javelineers
  4 jiangshi
  5 yaktaur captains
  2 merfolk impalers (Shoals:3)
  A hydra (Lair:4)
  Fannar (Lair:3)
  3 rakshasas
  A peacekeeper (Vaults:3)
  Erolcha (Orc:2)
  3 great orbs of eyes
  3 ironbound frosthearts
  2 catoblepae (Lair:5)
  A merfolk aquamancer (Shoals:4)
  A jorogumo (Spider:1)
  3 radroaches
  5 centaur warriors
  6 merfolk avatars
  A tengu warrior (Depths:1)
  A two-headed ogre (D:11)
  10 dancing weapons
  A deep troll earth mage (Depths:1)
  A deep troll shaman (Depths:1)
  4 death yaks
  3 vampire magi
  A spriggan berserker (Depths:1)
  A hell knight (Depths:4)
  12 deep elf knights
  5 skeletal warriors
  3 steelbarb worms
  An iron troll (Depths:4)
  2 pharaoh ants (Spider:3)
  2 shadow wraiths
  A deep troll (shapeshifter) (Depths:3)
  11 deep trolls
  4 sea snakes
  2 flayed ghosts
  2 sun moths (Spider:4)
  6 deep elf archers
  6 ironbound convokers
  6 orb spiders
  4 lindwurms (Vaults:1)
  A wizard (Vaults:3)
  7 harpies
  A phantasmal warrior (Crypt:2)
  10 deep elf zephyrmancers
  An orc knight (Orc:2)
  9 wolf spiders
  6 fauns
  5 deep elf pyromancers
  A stone giant zombie (Vaults:3)
  5 necromancers
  A cyclops (Shoals:4)
  A fire giant zombie (D:15)
  An oklob plant (D:11)
  2 shining eyes
  6 orc sorcerers
  A frost giant skeleton (Crypt:2)
  7 moths of wrath
  8 ugly things
  3 manticores
  A faun (shapeshifter) (Crypt:1)
  A centaur zombie (Crypt:1)
  2 shock serpent zombies
  4 merfolk sirens
  An elephant (Lair:5)
  An orange demon (Depths:3)
  3 water nymphs
  A rust devil (Depths:3)
  3 vault sentinels
  4 torpor snails
  An eye of devastation (shapeshifter) (Depths:4)
  7 cane toads
  2 smoke demons
  A stone giant skeleton (Vaults:2)
  An unseen horror (Crypt:1)
  6 komodo dragons
  A demonic crawler (Crypt:1)
  3 rime drakes (Lair:5)
  An ice devil (Depths:3)
  3 yaktaurs (Vaults:2)
  A red devil (Depths:3)
  7 merfolk
  3 polar bears
  A harpy zombie (Shoals:3)
  5 meliai (Spider:4)
  A wind drake (Shoals:4)
  2 hornets (Spider:2)
  8 tarantellas
  A harpy skeleton (Crypt:3)
  A tarantella zombie (Spider:4)
  6 blink frogs
  32 slime creatures
  10 jumping spiders
  A radroach zombie (Crypt:1)
  4 dream sheep
  6 snapping turtles
  7 culicivoras
  A ynoxinul (Depths:3)
  3 water elementals
  A black mamba zombie (Crypt:2)
  2 wraiths (D:11)
  2 spriggan skeletons
  17 yaks
  7 wyverns
  6 hogs
  2 fire elementals (Elf:2)
  8 vampire mosquitoes
  A black mamba skeleton (Crypt:1)
  3 basilisks
  A steam dragon (D:6)
  A human simulacrum (Vaults:2)
  2 chaos spawn
  A spectral entropy weaver (Spider:3)
  19 redbacks
  A glowing shapeshifter zombie (Crypt:2)
  2 wargs (Orc:2)
  A human zombie (Vaults:2)
  An acid dragon (D:9)
  A floating eye (Depths:2)
  4 water moccasins
  9 orc warriors
  A black bear (Lair:1)
  3 ogres (Orc:2)
  4 wolves
  2 centaurs
  3 bullfrogs
  A necrophage (D:6)
  A salamander skeleton (Crypt:2)
  A scorpion (D:5)
  An earth elemental (Elf:3)
  A polar bear skeleton (Crypt:3)
  2 orc priests (Orc:2)
  2 jellies (Slime:2)
  A centaur skeleton (Crypt:1)
  8 orc wizards
  5 hell rats
  A killer bee zombie (Crypt:2)
  4 adders (Lair:1)
  A steam dragon skeleton (Crypt:2)
  27 orcs
  A giant cockroach (Crypt:1)
  A giant cockroach zombie (Crypt:1)
  An orc skeleton (Crypt:1)
  A bush (Lair:2)
  A starspawn tentacle (Shoals:4)
643 creatures vanquished.

Vanquished Creatures (others)
  A tentacled monstrosity (Depths:1)
  A spectral caustic shrike (Zot:1)
  2 fire giants (Depths:2)
  A spectral tengu (Depths:3)
  A spectral draconian (Depths:4)
  3 stone giants
  3 spectral humans
  A spectral shadow dragon (Zot:4)
  5 acid blob zombies (Slime:5)
  An ettin (Depths:2)
  A fire dragon (Depths:1)
  2 very ugly thing zombies
  A quicksilver dragon zombie (Zot:3)
  A rakshasa (Depths:2)
  A merfolk aquamancer (Shoals:4)
  A spriggan air mage (Depths:2)
  An azure jelly zombie (Slime:5)
  3 quicksilver ooze zombies
  A spectral balrug (Depths:3)
  A spectral sixfirhy (Depths:3)
  A deep troll earth mage (Depths:2)
  An emperor scorpion zombie (Spider:4)
  4 spark wasp zombies
  A golden dragon zombie (Zot:2)
  A spectral reaper (Depths:4)
  2 ghost moth zombies
  3 spriggan zombies
  3 shadow dragon zombies
  2 spectral merfolk
  A spectral two-headed ogre (Lair:5)
  A spectral orc (D:12)
  A wizard (Vaults:3)
  A deep elf pyromancer (Elf:3)
  4 ugly thing zombies
  5 wolf spider zombies
  5 sphinx zombies
  3 draconian zombies
  A stone giant zombie (Depths:4)
  5 fire giant zombies
  2 dire elephant zombies (Vaults:3)
  A spectral soul eater (Crypt:3)
  A yellow draconian zombie (Zot:1)
  3 spectral rakshasas (Depths:2)
  An orb spider zombie (Spider:4)
  A death yak zombie (Shoals:2)
  A white draconian zombie (Zot:2)
  A green draconian zombie (Zot:1)
  An unseen horror zombie (Crypt:1)
  15 redback zombies
  2 purple draconian zombies
  3 sea snake zombies
  An iron troll zombie (Depths:2)
  A steelbarb worm zombie (Spider:4)
  17 harpy zombies
  9 moth of wrath zombies
  6 demonic crawler zombies
  2 great orb of eyes zombies
  3 meliai zombies (Spider:4)
  14 tarantella zombies
  5 culicivora zombies
  2 guardian serpent zombies
  2 boulder beetle zombies (Spider:4)
  2 radroach zombies (Spider:4)
  10 jumping spider zombies
  A fire dragon zombie (Depths:2)
  An ice dragon zombie (Depths:2)
  A black mamba zombie (Lair:1)
  5 wind drake zombies
  16 slime creature zombies
  A spectral orange demon (Depths:3)
  A spectral rust devil (Depths:3)
  2 spectral hell beasts
  A redback (Spider:4)
  4 water nymph zombies
  3 faun zombies
  2 cane toad zombies
  22 deep troll zombies
  10 merfolk zombies
  2 entropy weaver zombies (Spider:4)
  2 spectral red devils (Depths:3)
  3 spectral smoke demons
  A hornet zombie (D:15)
  A spectral efreet (D:13)
  51 elf zombies
  3 manticore zombies
  7 lindwurm zombies
  4 snapping turtle zombies (Shoals:4)
  3 dream sheep zombies
  2 blink frog zombies
  4 vampire mosquito zombies
  9 yaktaur zombies
  A rime drake zombie (Lair:5)
  A spectral chaos spawn (Depths:3)
  26 human zombies
  A spectral ynoxinul (Depths:3)
  2 wyvern zombies
  5 water moccasin zombies
  2 cyclops zombies
  A hell hound zombie (Lair:5)
  A warg zombie (Orc:2)
  4 tengu zombies
  2 troll zombies (Orc:2)
  3 yak zombies
  4 wolf zombies
  5 centaur zombies
  3 basilisk zombies
  3 bullfrog zombies
  2 scorpion zombies
  An orc wizard (Orc:2)
  2 killer bee zombies (D:9)
  4 ogre zombies (Orc:2)
  4 hell rat zombies
  2 howler monkey zombies
  A spectral electric eel (Elf:3)
  An adder zombie (Lair:1)
  5 jelly zombies (Slime:2)
  4 kobold zombies
  53 orc zombies
  88 fungi
  257 plants
  2 starspawn tentacles (Shoals:4)
  10 tentacles (Shoals:3)
  5 withered plants (D:15)
850 creatures vanquished.

Grand Total: 2874 creatures vanquished

Notes
Turn   | Place    | Note
-------+----------+-------------------------------------------
     0 | D:1      | MrRokkomies the Armataur Gladiator began the quest for the
                  | Orb.
     0 | D:1      | Reached XP level 1. HP: 18/18 MP: 1/1
   111 | D:1      | Reached XP level 2. HP: 25/25 MP: 2/2
   141 | D:1      | Reached skill level 1 in Armour
   144 | D:1      | Reached skill level 1 in Stealth
   370 | D:1      | Reached XP level 3. HP: 30/32 MP: 3/3
   723 | D:2      | Found a sacrificial altar of Ru.
  1072 | D:2      | Reached XP level 4. HP: 25/39 MP: 4/4
  1475 | D:3      | Found a faded altar of an unknown god.
  1534 | D:3      | Found a sacrificial altar of Ru.
  1690 | D:3      | Reached skill level 2 in Armour
  2331 | D:4      | Noticed Menkaure
  2376 | D:4      | Noticed Robin
  2397 | D:4      | Killed Robin
  2409 | D:4      | Reached XP level 5. HP: 30/48 MP: 5/5
  2429 | D:4      | Noticed a black bear
  2561 | D:4      | Killed Menkaure
  2562 | D:4      | Reached XP level 6. HP: 40/55 MP: 6/6
  2577 | D:4      | Reached skill level 3 in Armour
  2790 | D:4      | Found Tawnona's Antique Weapon Shop.
  2837 | D:4      | Noticed Sigmund
  2848 | D:4      | Killed Sigmund
  2849 | D:4      | Reached XP level 7. HP: 58/64 MP: 7/7
  2979 | D:4      | Found a staircase to the Ecumenical Temple.
  2984 | Temple   | Entered the Ecumenical Temple
  3404 | D:4      | Found a basalt altar of Yredelemnul.
  3409 | D:4      | Became a worshipper of Yredelemnul the Dark
  3466 | D:5      | Entered Level 5 of the Dungeon
  3484 | D:5      | Reached skill level 5 in Fighting
  3484 | D:5      | Reached skill level 4 in Armour
  3489 | D:5      | Reached * piety under Yredelemnul
  3572 | D:5      | Noticed Blork the orc
  3585 | D:5      | Killed Blork the orc
  3587 | D:5      | Reached ** piety under Yredelemnul
  3921 | D:5      | Reached *** piety under Yredelemnul
  3921 | D:5      | Reached XP level 8. HP: 71/74 MP: 8/8
  3945 | D:5      | Found Usmoump's Weapon Boutique.
  4186 | D:5      | Identified a scroll of acquirement
  4186 | D:5      | Acquired a +0 barding of flying
  4322 | D:5      | Found Zin's Purification Station.
  4331 | D:5      | Reached skill level 5 in Armour
  4331 | D:5      | Reached skill level 5 in Stealth
  4335 | D:5      | Found a glowing silver altar of Zin.
  4337 | D:5      | Reached **** piety under Yredelemnul
  4338 | D:5      | Bought a potion of curing for 90 gold pieces
  4472 | D:5      | Found an ancient bone altar of Kikubaaqudgha.
  5034 | D:6      | Noticed a +0 short sword
  5034 | D:6      | Noticed a +0 spear
  5034 | D:6      | Noticed a +0 dagger
  5035 | D:6      | Noticed a +0 dagger
  5035 | D:6      | Noticed a +0 spear
  5035 | D:6      | Noticed a +0 short sword
  5036 | D:6      | Noticed a +0 falchion
  5036 | D:6      | Noticed a +0 falchion
  5039 | D:6      | Found a hide-covered altar of Uskayaw.
  5114 | D:6      | Reached skill level 6 in Armour
  5137 | D:6      | Reached XP level 9. HP: 38/84 MP: 9/9
  5328 | D:6      | Reached skill level 1 in Invocations
  5463 | D:6      | Found a burning altar of Makhleb.
  5629 | D:5      | Bought a +5 trident of venom for 312 gold pieces
  5905 | D:7      | Reached skill level 1 in Polearms
  6270 | D:7      | Found a runed translucent door.
  6271 | D:7      | Noticed Crazy Yiuf
  6523 | D:7      | Killed Crazy Yiuf
  6580 | D:8      | Noticed a gargoyle
  6590 | D:8      | Killed a gargoyle
  7212 | D:9      | Reached skill level 7 in Armour
  7515 | D:9      | Reached skill level 1 in Shields
  7515 | D:9      | Reached XP level 10. HP: 89/95 MP: 12/12
  7877 | D:10     | Entered Level 10 of the Dungeon
  7994 | D:10     | Noticed Snorg
  8017 | D:10     | Killed Snorg
  8048 | D:10     | Noticed a two-headed ogre
  8103 | D:10     | Killed a two-headed ogre
  8191 | D:10     | Found a bloodstained altar of Trog.
  8210 | D:10     | Noticed Gastronok
  8234 | D:10     | Killed Gastronok
  8235 | D:10     | Reached skill level 5 in Polearms
  8235 | D:10     | Reached skill level 8 in Armour
  8294 | D:10     | Reached ***** piety under Yredelemnul
  8375 | D:10     | Noticed a two-headed ogre
  8383 | D:10     | Killed a two-headed ogre
  8383 | D:10     | Enslaved a two-headed ogre
  8581 | D:10     | Found an opulent altar of Gozag.
  8581 | D:10     | Found a hazy altar of Hepliaklqana.
  8583 | D:10     | Found a blossoming altar of Fedhas.
  8687 | D:10     | Reached XP level 11. HP: 78/103 MP: 14/14
  8947 | D:10     | Found a shimmering altar of Xom.
  9114 | D:10     | Found a sparkling altar of Nemelex Xobeh.
  9120 | D:10     | Found an ornate altar of the Wu Jian Council.
  9539 | D:11     | Found a staircase to the Lair.
  9539 | D:11     | Noticed an oklob plant
  9593 | D:11     | Killed an oklob plant
  9594 | D:11     | Reached skill level 5 in Invocations
  9922 | D:11     | Found a staircase to the Orcish Mines.
 10104 | D:11     | Noticed a two-headed ogre
 10113 | D:11     | Killed a two-headed ogre
 10373 | Orc:1    | Entered Level 1 of the Orcish Mines
 10483 | Orc:1    | Noticed an orc sorcerer
 10490 | Orc:1    | Noticed a sixfirhy
 10496 | Orc:1    | Killed an orc sorcerer
 10497 | Orc:1    | Reached skill level 10 in Fighting
 10654 | Orc:1    | Found Fares's General Store.
 10698 | Orc:1    | Reached skill level 9 in Armour
 10763 | Orc:1    | Found Isubiv's Assorted Antiques.
 10791 | Orc:1    | Found Ytioxuef's Antique Armour Boutique.
 11125 | Lair:1   | Entered Level 1 of the Lair of Beasts
 11180 | Lair:1   | Reached skill level 5 in Shields
 11215 | Lair:1   | Reached ****** piety under Yredelemnul
 11559 | Lair:1   | Reached XP level 12. HP: 113/113 MP: 17/17
 11890 | Lair:1   | Reached skill level 10 in Armour
 12597 | Lair:2   | Noticed a boulder beetle
 12605 | Lair:2   | Killed a boulder beetle
 12907 | Lair:2   | Found a hole to the Spider Nest.
 13730 | Lair:3   | Reached skill level 11 in Armour
 13881 | Lair:3   | Noticed Fannar
 14336 | Lair:3   | Killed Fannar
 14606 | Lair:3   | Found a staircase to the Shoals.
 14893 | Lair:4   | Noticed a seven-headed hydra
 14902 | Lair:4   | Killed a seven-headed hydra
 14903 | Lair:4   | Reached XP level 13. HP: 107/120 MP: 19/19
 15149 | Lair:4   | Found a runed translucent gate.
 15150 | Lair:4   | Found a runed translucent gate.
 15151 | Lair:4   | Found a runed translucent gate.
 15171 | Lair:4   | Reached skill level 12 in Armour
 15204 | Lair:4   | Noticed Deankoak's ghost (journeyman DrCK)
 15204 | Lair:4   | Noticed Viurghidai's ghost (journeyman DsRe)
 15204 | Lair:4   | Noticed Viurghidai's ghost (journeyman DsRe)
 15283 | Lair:4   | Identified the +5 morningstar of Expedience {drain, rElec}
 15826 | Lair:5   | Entered Level 5 of the Lair of Beasts
 16114 | Lair:5   | Reached skill level 13 in Armour
 16125 | Lair:5   | Reached skill level 10 in Polearms
 16297 | Lair:5   | Found a staircase to the Slime Pits.
 16298 | Lair:5   | Found a viscous altar of Jiyva.
 16808 | Lair:5   | Noticed a dire elephant
 16819 | Lair:5   | Killed a dire elephant
 16819 | Lair:5   | Enslaved a dire elephant
 16942 | Lair:5   | Reached skill level 10 in Invocations
 17190 | Orc:1    | Gained mutation: You are clumsy. (Dex -2) [potion of
                  | mutation]
 17190 | Orc:1    | Gained mutation: You occasionally lose the ability to read
                  | scrolls when taking damage. [potion of mutation]
 17190 | Orc:1    | Gained mutation: You have hidden genetic potential. [potion
                  | of mutation]
 17190 | Orc:1    | Gained mutation: Your natural rate of healing is unusually
                  | fast. [potion of mutation]
 17190 | Orc:1    | Lost mutation: You are clumsy. (Dex -2) [potion of
                  | mutation]
 17193 | Orc:2    | Entered Level 2 of the Orcish Mines
 17217 | Orc:2    | Found a runed translucent gate.
 17217 | Orc:2    | Found a runed translucent gate.
 17217 | Orc:2    | Found a runed translucent gate.
 17233 | Orc:2    | Found a staircase to the Elven Halls.
 17254 | Orc:2    | Reached skill level 14 in Armour
 17511 | Orc:2    | Reached XP level 14. HP: 129/129 MP: 21/21
 17591 | Orc:2    | Found a radiant altar of Vehumet.
 17595 | Orc:2    | Noticed Erolcha
 17600 | Orc:2    | Found Mut Dehow's Antique Armour Boutique.
 17605 | Orc:2    | Killed Erolcha
 17628 | Orc:2    | Noticed Nergalle
 17643 | Orc:2    | Found an ancient bone altar of Kikubaaqudgha.
 17645 | Orc:2    | Paralysed by an ogre mage for 2 turns
 17648 | Orc:2    | Killed Nergalle
 17648 | Orc:2    | Enslaved Nergalle
 17768 | Orc:2    | Found Lacatsoq's Distillery.
 17788 | Orc:2    | Found Datik's Distillery.
 17795 | Orc:2    | Found Ditti's Jewellery Shop.
 17884 | Orc:2    | Noticed twist's ghost (journeyman GnCA)
 17993 | Orc:2    | Noticed an orc warlord
 18007 | Orc:2    | Killed an orc warlord
 18412 | D:12     | Your ally Nergalle died
 18479 | D:12     | Acquired a +5 demon trident of electrocution
 18523 | D:12     | Found a gate leading to a gauntlet.
 18530 | Gauntlet | Entered a Gauntlet
 18530 | Gauntlet | Found a transporter.
 18530 | Gauntlet | Found a transporter.
 18537 | Gauntlet | Found a transporter.
 18549 | Gauntlet | Found a transporter.
 18567 | Gauntlet | Found a transporter.
 18567 | Gauntlet | Found a transporter.
 18567 | Gauntlet | Found a transporter.
 18570 | Gauntlet | Found a transporter.
 18570 | Gauntlet | Found a transporter.
 18580 | Gauntlet | Noticed a quicksilver ooze
 18583 | Gauntlet | Found a transporter.
 18601 | Gauntlet | Found a transporter.
 18611 | Gauntlet | Found a transporter.
 18627 | Gauntlet | Found a transporter.
 18647 | Gauntlet | Found a transporter.
 18648 | Gauntlet | Found a runed translucent door.
 18720 | Gauntlet | Identified the ring "Ehiruq" {rElec rF+ rN+ Will+ Int+6}
 18833 | Gauntlet | Identified the +1 hat of Compression {*Slow rElec Will+
                  | Int+7}
 18860 | Gauntlet | Reached skill level 15 in Armour
 19309 | D:12     | Identified the ring of Pokearuy {Contam rPois rF+ rC++
                  | Will+}
 19757 | D:13     | Gained mutation: Your movements are slightly less
                  | encumbered by armour. (ER -2) [hidden potential]
 19801 | D:13     | Found a gate to the Vaults.
 20422 | D:14     | Noticed Jorgrun
 20435 | D:14     | Killed Jorgrun
 20638 | D:14     | Reached skill level 16 in Armour
 20779 | D:14     | Reached XP level 15. HP: 129/136 MP: 23/23
 20822 | D:14     | Noticed Kirke
 20836 | D:14     | Killed Kirke
 20836 | D:14     | Enslaved Kirke
 21082 | D:15     | Entered Level 15 of the Dungeon
 21160 | D:15     | Found a staircase to the Depths.
 21475 | D:15     | Your ally Kirke died
 21496 | D:15     | Identified the +1 chain mail of the Desert {rElec rN+ MP+9}
 21524 | D:15     | Identified the +2 quarterstaff "Foyting" {vorpal, rElec}
 21912 | Spider:1 | Entered Level 1 of the Spider Nest
 22061 | Spider:1 | Noticed Donald
 22075 | Spider:1 | Killed Donald
 22075 | Spider:1 | Enslaved Donald
 22183 | Spider:1 | Gained mutation: You have an increased reservoir of magic.
                  | (+10% MP) [hidden potential]
 22183 | Spider:1 | Lost mutation: You have hidden genetic potential. [hidden
                  | potential expressed]
 22251 | Spider:1 | Identified the +1 helmet "Feof" {rC- Str+3 Dex+5}
 22280 | Spider:1 | Reached skill level 17 in Armour
 23454 | Spider:2 | Reached XP level 16. HP: 148/148 MP: 27/27
 23465 | Spider:2 | Noticed Frances
 23472 | Spider:2 | Killed Frances
 23472 | Spider:2 | Enslaved Frances
 24054 | Spider:3 | Reached skill level 18 in Armour
 24285 | Spider:3 | Found the +12 pair of quick blades "Gyre" and "Gimble"
                  | {protect}
 24296 | Spider:3 | Noticed Ociafasm's ghost (adept DDFi)
 24311 | Spider:3 | Found a transporter.
 24314 | Spider:3 | Found a transporter.
 24335 | Spider:3 | Your ally Frances died
 24371 | Spider:3 | Killed Ociafasm's ghost
 25418 | Spider:4 | Entered Level 4 of the Spider Nest
 25941 | Spider:4 | Reached XP level 17. HP: 157/160 MP: 29/29
 26012 | Spider:4 | Reached skill level 19 in Armour
 26260 | Spider:4 | Identified the +1 leather armour "Coxt" {rN+++ rCorr Str+4}
 26346 | Spider:4 | Got a gossamer rune of Zot
 26773 | D:4      | Bought the +8 demon trident "Rift" {distort, reach+} for
                  | 2535 gold pieces
 26773 | D:4      | Found the +8 demon trident "Rift" {distort, reach+}
 27073 | Shoals:1 | Entered Level 1 of the Shoals
 27191 | Shoals:1 | Found a runed translucent door.
 27195 | Shoals:1 | Noticed Necrophagist's ghost (journeyman DgFi)
 27802 | Shoals:2 | Noticed Polyphemus
 27830 | Shoals:2 | Killed Polyphemus
 28530 | Shoals:2 | Identified the +5 scale mail of the Hidden Vale {rPois rF++
                  | MP+9 Dex+4}
 28872 | Shoals:3 | Noticed Ilsuiw
 28923 | Shoals:3 | Killed Ilsuiw
 29086 | Shoals:3 | Noticed a kraken
 29094 | Shoals:3 | Killed a kraken
 29189 | Shoals:3 | Identified Roxanne's Essays on the Boulder
 29189 | Shoals:3 | Noticed Roxanne
 29196 | Shoals:3 | Reached skill level 10 in Shields
 29406 | Shoals:4 | Entered Level 4 of the Shoals
 29522 | Shoals:4 | Noticed Bai Suzhen
 29535 | Shoals:4 | Banished Bai Suzhen
 29539 | Shoals:4 | Reached skill level 15 in Fighting
 29555 | Shoals:4 | Noticed a bone dragon
 29557 | Shoals:4 | Noticed Mlioglotl
 29704 | Shoals:4 | Reached XP level 18. HP: 174/174 MP: 31/31
 29795 | Shoals:4 | Banished Mlioglotl
 29898 | Shoals:4 | Found Puwkiepi's Assorted Antiques.
 30238 | Shoals:4 | Identified the +1 short sword of Ancient Evil {speed,
                  | Contam rN+++ Str+6}
 30430 | Shoals:4 | Got a barnacled rune of Zot
 30670 | Vaults:1 | Entered Level 1 of the Vaults
 30776 | Vaults:1 | Reached skill level 20 in Armour
 31113 | Vaults:1 | Noticed Zenata
 31276 | Vaults:2 | Noticed Asterion
 31284 | Vaults:2 | Killed Asterion
 31539 | Vaults:2 | Noticed Boris
 31572 | Vaults:2 | Banished Boris
 31903 | Vaults:2 | Noticed Margery
 31915 | Vaults:2 | Killed Margery
 31915 | Vaults:2 | Enslaved Margery
 32023 | Vaults:2 | Reached XP level 19. HP: 183/184 MP: 33/33
 32066 | Vaults:2 | Found a staircase to the Crypt.
 32066 | Vaults:2 | Found a basalt altar of Yredelemnul.
 32067 | Vaults:2 | Found an ancient bone altar of Kikubaaqudgha.
 32363 | Vaults:1 | Banished Zenata
 32364 | Vaults:1 | Reached skill level 15 in Invocations
 33159 | Vaults:1 | Identified the +7 war axe of the Ancients {antimagic,
                  | +Blink rN+ Dex-3}
 33440 | Vaults:3 | Your ally Margery died
 33831 | Vaults:3 | Found Reips's Antique Weapon Boutique.
 34083 | Vaults:3 | Reached skill level 21 in Armour
 34728 | Vaults:4 | Found the +7 Singing Sword {vorpal, sonic wave}
 34783 | Vaults:4 | Noticed Sojobo
 34785 | Vaults:4 | Paralysed by an air elemental for 1 turns
 34796 | Vaults:4 | Reached skill level 15 in Shields
 34798 | Vaults:4 | Paralysed by an air elemental for 1 turns
 34804 | Vaults:4 | Killed Sojobo
 34804 | Vaults:4 | Enslaved Sojobo
 34812 | Vaults:4 | Reached XP level 20. HP: 190/193 MP: 30/34
 34999 | Vaults:4 | Reached skill level 1 in Evocations
 36047 | Elf:1    | Entered Level 1 of the Elven Halls
 36247 | Elf:1    | Identified the +5 quarterstaff "Rillory" {holy, *Corrode
                  | Int+4 Dex+3 SInv}
 36689 | Elf:2    | Noticed Agnes
 36700 | Elf:2    | Killed Agnes
 36729 | Elf:2    | Reached skill level 5 in Evocations
 36804 | Elf:2    | Your ally Agnes died
 36862 | Elf:2    | Identified the +1 robe of Spring {rN++ Will- Regen+ Dex-4}
 36938 | Elf:2    | Paralysed by an air elemental for 1 turns
 36947 | Elf:2    | Found Pateaph's Armour Emporium.
 37345 | Elf:2    | Found a runed translucent gate.
 37346 | Elf:2    | Found a runed translucent gate.
 37346 | Elf:2    | Found a runed translucent gate.
 37866 | Elf:3    | Entered Level 3 of the Elven Halls
 37909 | Elf:3    | Reached XP level 21. HP: 208/208 MP: 36/36
 38025 | Elf:3    | Found Xedipnu's Jewellery Shoppe.
 38468 | Elf:3    | Reached skill level 22 in Armour
 38715 | Elf:3    | Identified the +9 bardiche of Disharmony {venom, rPois}
 38715 | Elf:3    | Identified the ring of Okawaru's Generosity {rF+ Str+6
                  | Slay+3}
 39233 | Elf:3    | Got the Codex of Pyromania and Sculpting
 39243 | Elf:3    | Identified the +0 helmet of Xeosch {rElec Str+2}
 39247 | Elf:3    | Got Allosuu's Secrets of Vile Rime
 39249 | Elf:3    | Got Sif Muna's Compilation of Enchantment and Congelation
 39757 | Crypt:1  | Entered Level 1 of the Crypt
 39839 | Crypt:1  | Found a magical portal.
 39844 | WizLab   | Entered Zonguldrok's Shrine
 40102 | WizLab   | Noticed an antique lich
 40103 | WizLab   | Found the +9 sword of Zonguldrok {reap}
 40114 | WizLab   | Killed an antique lich
 40250 | Crypt:1  | Identified the +9 shortbow of Qavviysk {vorpal, rC+ Stlth+}
 40356 | Crypt:1  | Found a runed translucent gate.
 40356 | Crypt:1  | Found a runed translucent gate.
 40356 | Crypt:1  | Found a runed translucent gate.
 40378 | Crypt:1  | Reached skill level 10 in Evocations
 40556 | Crypt:1  | Acquired 635 gold pieces
 40857 | Orc:2    | Bought a slimy chain mail for 304 gold pieces
 40857 | Orc:2    | Identified the +1 chain mail "Ukedece" {rF+ Slay+3} (You
                  | bought it in a shop on level 2 of the Orcish Mines)
 40857 | Orc:2    | Bought a pair of runed gloves for 240 gold pieces
 40857 | Orc:2    | Bought a shimmering cloak for 304 gold pieces
 40857 | Orc:2    | Identified the +3 cloak of the Dice {rC+ Regen+} (You
                  | bought it in a shop on level 2 of the Orcish Mines)
 41700 | Crypt:2  | Reached XP level 22. HP: 183/221 MP: 38/38
 42190 | Crypt:3  | Entered Level 3 of the Crypt
 42342 | Crypt:3  | Found a staircase to the Tomb.
 42828 | Crypt:3  | Noticed Jory
 42844 | Crypt:3  | Banished Jory
 42878 | Crypt:3  | Noticed an ancient lich
 42878 | Crypt:3  | Noticed a dread lich
 43304 | Slime:1  | Entered Level 1 of the Pits of Slime
 43660 | Slime:4  | Reached skill level 23 in Armour
 43696 | Slime:5  | Entered Level 5 of the Pits of Slime
 43732 | Slime:5  | Found a viscous altar of Jiyva.
 43776 | Slime:5  | Found the +6 lightning scales {swift, rElec}
 43789 | Slime:5  | Gained mutation: You sometimes lose your temper in combat.
                  | [a shining eye]
 43790 | Slime:5  | Noticed the Royal Jelly
 43807 | Slime:5  | Killed the Royal Jelly
 44172 | Slime:5  | Identified the +0 chain mail of Ixtul {+Inv rF+++ Str+7
                  | Int-5}
 44216 | Slime:5  | Identified the +7 trident "Orb Guardian's Foe" {drain, rF+
                  | Will+}
 44222 | Slime:5  | Got a slimy rune of Zot
 44259 | Slime:5  | Got the Anthology of the Shocking Commander
 44260 | Slime:5  | Identified the +0 scale mail of the Old World {rF+}
 44826 | Depths:1 | Entered Level 1 of the Depths
 44843 | Depths:1 | Identified the +1 scale mail of Zyot {Str+4 Int+6 Dex-5}
 44885 | Depths:1 | Reached XP level 23. HP: 232/232 MP: 39/39
 44907 | Depths:1 | Lost mutation: Your movements are slightly less encumbered
                  | by armour. (ER -2) [potion of mutation]
 44907 | Depths:1 | Lost mutation: You occasionally lose the ability to read
                  | scrolls when taking damage. [potion of mutation]
 44907 | Depths:1 | Lost mutation: You have an increased reservoir of magic.
                  | (+10% MP) [potion of mutation]
 44907 | Depths:1 | Lost mutation: Your natural rate of healing is unusually
                  | fast. [potion of mutation]
 44907 | Depths:1 | Gained mutation: You are clumsy. (Dex -2) [potion of
                  | mutation]
 44907 | Depths:1 | Gained mutation: You have sharp toenails. [potion of
                  | mutation]
 44907 | Depths:1 | Gained mutation: Your tail ends in a venomous barb. [potion
                  | of mutation]
 44908 | Depths:1 | Lost mutation: Your tail ends in a venomous barb. [potion
                  | of mutation]
 44908 | Depths:1 | Lost mutation: You are clumsy. (Dex -2) [potion of
                  | mutation]
 44908 | Depths:1 | Lost mutation: You sometimes lose your temper in combat.
                  | [potion of mutation]
 44908 | Depths:1 | Lost mutation: You have sharp toenails. [potion of
                  | mutation]
 44908 | Depths:1 | Gained mutation: You occasionally lose the ability to drink
                  | potions when taking damage. [potion of mutation]
 44908 | Depths:1 | Gained mutation: Your natural rate of healing is unusually
                  | fast. [potion of mutation]
 44908 | Depths:1 | Gained mutation: You are covered in fur. (AC +1) [potion of
                  | mutation]
 44908 | Depths:1 | Gained mutation: You possess an exceptional clarity of
                  | mind. [potion of mutation]
 44908 | Depths:1 | Gained mutation: You are partially covered in iridescent
                  | scales. (AC +2) [potion of mutation]
 45005 | Depths:1 | Identified the +5 scimitar "Pekhledamp" {freeze, Will+}
 45005 | Depths:1 | Noticed Mara
 45022 | Depths:1 | Killed Mara
 45022 | Depths:1 | Enslaved Mara
 45081 | Depths:1 | Identified the +1 ring mail of the Original Sin {rF+}
 45255 | Depths:1 | Identified the +0 scale mail of Existentialism {*Slow rF+++
                  | Int+3 Dex+5}
 45346 | Depths:1 | Found a one-way gateway to a ziggurat.
 45381 | Depths:1 | Found a gateway to Hell.
 45714 | Depths:2 | Noticed Aizul
 45729 | Depths:2 | Killed Aizul
 45809 | Depths:2 | Noticed Uprem's ghost (veteran KoHu)
 45809 | Depths:2 | Noticed Fionoibb's ghost (veteran GrEE)
 45810 | Depths:2 | Noticed a juggernaut
 45819 | Depths:2 | Noticed Doitesyx's ghost (veteran MiBe)
 45819 | Depths:2 | Found a transporter.
 45820 | Depths:2 | Found a transporter.
 45849 | Depths:2 | Found a one-way gate leading to the halls of Pandemonium.
 46003 | Depths:2 | Noticed a caustic shrike
 46004 | Depths:2 | Banished a caustic shrike
 46010 | Depths:2 | Noticed a caustic shrike
 46027 | Depths:2 | Paralysed by a floating eye for 2 turns
 46030 | Depths:2 | Your ally Aizul died
 46049 | Depths:2 | Killed a caustic shrike
 46049 | Depths:2 | Your ally Mara died
 46051 | Depths:2 | You fall into a shaft and drop 2 floors!
 46051 | Depths:4 | Entered Level 4 of the Depths
 46139 | Depths:4 | Identified the ring "Zusyluq" {Fire Drain rElec rN+ Dex+5}
 46215 | Depths:4 | Found a gate to the Realm of Zot.
 46504 | Depths:4 | Noticed Grunn
 46523 | Depths:4 | Banished Grunn
 46527 | Depths:4 | HP: 10/233 [???[a doom hound] (6)]
 46580 | Depths:4 | HP: 9/236 [bone dragon[a doom hound] (3)]
 46640 | Depths:4 | HP: 11/228 [???[a doom hound] (7)]
 46815 | Depths:4 | Reached skill level 15 in Evocations
 47146 | Depths:4 | Reached skill level 24 in Armour
 47150 | Depths:4 | Reached XP level 24. HP: 51/247 MP: 36/36
 47740 | Depths:3 | Noticed a dread lich
 47834 | Depths:3 | Found a hazy altar of Hepliaklqana.
 47902 | Depths:3 | Gained mutation: You are dopey. (Int -2) [a cacodemon]
 48230 | Depths:3 | Found a one-way gate to the infinite horrors of the Abyss.
 48762 | Depths:3 | Killed a dread lich
 48809 | Depths:3 | Identified the +0 robe of Intuition {rF- Str+5}
 49081 | Depths:2 | Noticed Nikola
 49093 | Depths:2 | Killed Nikola
 49154 | Depths:2 | Your ally Nikola died
 49287 | Depths:2 | Identified the +0 ring mail of Noughts and Crosses
                  | {*Corrode MP+9 Int+4}
 49819 | Zot:1    | Entered Level 1 of the Realm of Zot
 50783 | Zot:1    | Noticed an orb of fire
 50793 | Zot:1    | Killed an orb of fire
 51269 | Zot:2    | Reached XP level 25. HP: 230/256 MP: 36/36
 52058 | Zot:3    | Noticed a Killer Klown
 52080 | Zot:3    | Killed a Killer Klown
 52110 | Zot:3    | Found a transporter.
 52111 | Zot:3    | Identified the +7 great sword of Inesuo {drain, rPois rC+
                  | rCorr}
 52112 | Zot:3    | Noticed twist's ghost (veteran MiRe)
 52263 | Zot:3    | Found a transporter.
 52705 | Zot:4    | HP: 9/254 [shadow dragon (18)]
 52705 | Zot:4    | Slain by a storm dragon

Illustrated notes

Levels and vault maps discovered:
D:1:      eino_arrival_cavern_e, layout_basic
D:2:      minmay_alternating_diamond, layout_loops_ring, basic_altar
D:3:      layout_basic, mainiacjoe_overflow_boulevard,
          shapermc_ecumenical_altar_mp_highgroup
D:4:      layout_loops_ring, yredelemnul_forgotten_temple_becter,
          temple_statues, serial_shops, nicolae_square_shop, uniq_robin,
          uniq_menkaure, uniq_sigmund
D:5:      layout_basic, lemuel_doored_altar, zin_purify, serial_shops,
          nicolae_shop_bloodbath_and_beyond, minmay_tree_intersection,
          minmay_misc_feat_pillars, uniq_blork_the_orc
D:6:      layout_rooms, nicolae_uskayaw_en_pointe, amcnicky_altar_gilded
D:7:      layout_cave_pods, uniq_crazy_yiuf_cottage
D:8:      layout_rooms
D:9:      layout_gridville
D:10:     layout_loops_ring, mainiacjoe_overflow_alcove_1, jmf_multi_god_temple,
          lemuel_round_altar, gammafunk_temple_overflow_forgotten, uniq_snorg,
          uniq_gastronok
D:11:     layout_stronghold, dpeg_oklobed_lair, orc_0_dummy
D:12:     layout_irregular_city, gauntlet_entry_generic, serial_park_tiny_2
D:13:     layout_irregular_city, grunt_vaults_entry_fortified,
          serial_bayou_pond_d, chequers_garden
D:14:     layout_loops_cross, uniq_kirke, uniq_jorgrun
D:15:     gammafunk_depths_entry_grave, layout_loops_ring, minmay_crystal_water,
          lightli_fourway_metalbox
Temple:   nicolae_temple_cloud_nine
Lair:1:   minmay_lair_venomous_thicket, layout_long_grid,
          dreamdust_deal_with_the_devil, st_stairs_6, gammafunk_lair_bear_cave,
          grunt_megastairs_2
Lair:2:   layout_small_grid, hellmonk_spider_entry_life_and_decay
Lair:3:   layout_chaotic_city, elwin_shoals_entry_rooms, uniq_fannar
Lair:4:   layout_regular_city, gammafunk_ghost_cemetery,
          small_statue_intersection
Lair:5:   grunt_lair_end_beastmaster, layout_misc_corridors, slime_entry_1,
          special_room [special_room_mythical_zoo]
Shoals:1: layout_shoals, hellmonk_ghost_happy_afterlife,
          nicolae_shoals_shepherds
Shoals:2: layout_shoals, uniq_polyphemus
Shoals:3: layout_shoals, uniq_ilsuiw, uniq_roxanne
Shoals:4: shoals_end_simple, layout_shoals, serial_shops,
          nicolae_shop_waterfront, uniq_mlioglotl, uniq_bai_suzhen
Spider:1: layout_spider_delve, nicolae_spider_not_touching_you, uniq_donald
Spider:2: layout_cave_pods, nicolae_spider_paper_wasps, uniq_frances
Spider:3: layout_chambers, gammafunk_ghost_mausoleum
Spider:4: grunt_spider_rune_island, einodemon_crawler_minivault
Slime:1:  layout_caves
Slime:2:  layout_caves, nicolae_slime_welcoming_committee
Slime:3:  layout_caves
Slime:4:  layout_caves, cheibrodos_slime_lost_civilization_5
Slime:5
Orc:1:    layout_caves, serial_shops, nicolae_square_shop, nicolae_square_shop,
          nicolae_shop_hallway_plus, nicolae_orc_stony_grotto
Orc:2:    kennysheep_orc_mage_school, layout_diamond_mine,
          gammafunk_ghost_necromancy
Elf:1:    nicolae_elf_arrival_fired_up, layout_loops_cross,
          hangedman_corner_corridor
Elf:2:    nicolae_elf_blades_crystal_corner, layout_onion_city, serial_shops,
          nicolae_shop_stone, uniq_agnes
Elf:3:    elf_hall, layout_geoelf_castle, serial_shops, shop,
          roderic_nine_men_s_morris, elves_outpost_lemuel
Vaults:1: hangedman_vaults_impose, vaults_dpeg_encased_lava,
          vaults_mumra_hexcomb, v_misc_2, ontoclasm_vaults_fault,
          nicolae_vaults_network_barrier, nicolae_vaults_network_star,
          ontoclasm_vaults_ring_large, dpeg_vaults_hating_casters,
          grunt_vaults_funnel, layout_vaults_omnicross, uniq_zenata
Vaults:2: grunt_vaults_hallway_long, ontoclasm_vaults_misaligned, v_misc_19,
          vaults_room_hallway, hangedman_vaults_stretched_pinwheel, v_pattern_3,
          minmay_crypt_entry_necro_gods, nicolae_vaults_little_squares_2,
          v_misc_28, hangedman_vaults_restitches, hangedman_vaults_pinch,
          ontoclasm_vaults_spin, v_misc_12, nicolae_vaults_little_squares_4,
          vaults_dpeg_ring, layout_vaults_maze_snakey, uniq_asterion,
          uniq_boris, uniq_margery
Vaults:3: grunt_vaults_focal, v_rooms_1, ontoclasm_vaults_chip,
          vaults_room_ringed_pool, v_misc_4, vaults_room_door_hall, v_misc_10,
          layout_vaults_chaotic_city, serial_shops, nicolae_shop_stone
Vaults:4: vaults_dpeg_doors, v_misc_29, v_misc_12, hangedman_vaults_corner,
          nicolae_vaults_diagonal_hallway_7, vaults_mumra_chevron_long,
          nicolae_vaults_twisting_passages, v_misc_4, st_squares,
          nicolae_vaults_little_squares_3, ontoclasm_vaults_chip,
          ontoclasm_vaults_decontamination, layout_vaults_ring, uniq_sojobo
Crypt:1:  layout_misc_corridors, mu_enter_wizlab_2, glass_columns_b,
          pandoras_box_mu
Crypt:2:  layout_rooms
Crypt:3:  david_glass_crypt, layout_misc_corridors, uniq_jory
Depths:1: minmay_the_grid_octo_tiled_squarecenter
          [minmay_the_grid_octo_pinwheel, minmay_the_grid_octo_fat_diamond,
          minmay_the_grid_octo_checkerflower,
          minmay_the_grid_octo_tetromino_candy,
          minmay_the_grid_square_5x5_megaprize_crossed,
          minmay_the_grid_square_5x5_sharp_hourglass,
          minmay_the_grid_square_5x5_checkered,
          minmay_the_grid_square_5x5_lines,
          minmay_the_grid_square_5x5_broken_cross], layout_cave_pools,
          enter_ziggurat_e, pf_vacation_house_of_asmodeus, dispersion_dpeg,
          uniq_mara
Depths:2: angbandy_vault, layout_basic, nzn_ghost_randoct,
          rand_demon_pan_entry_7, hell_entry, kennysheep_decorative_pillar,
          uniq_nikola, uniq_aizul
Depths:3: kennysheep_large_spiral, layout_basic,
          grunt_hell_entry_demonic_statue, nzn_hepliaklqana_mist_gate,
          abyss_entry_glasseish, serial_corexii_hall, corexii_hall_statues_s,
          corexii_hall_statues_deadend, corexii_hall_statues_l
Depths:4: evilmike_zot_entry_argh, layout_gridlike, hellmouth_1,
          skrybe_limestone_x, grunt_megastairs_3, uniq_grunn
Zot:1:    layout_gridlike, st_small_dragon_hoard_3, grunt_megastairs_4
Zot:2:    layout_onion, bh_zot_lava_cross
Zot:3:    layout_misc_corridors, gammafunk_ghost_arena
Zot:4:    layout_misc_corridors

Skill      XL: |  1  2  3  4  5  6  7  8  9 10 11 12 13 14 15 16 17 18 19 20 21 22 23 24 25 |
---------------+----------------------------------------------------------------------------+-----
Fighting       | 2 3 4 5 7 8 9 10 11 13 15 16 17 18 19 20 21 22 23 | 23.2
Armour         | 1 2 3 4 6 7 8 9 11 14 16 17 18 19 20 21 22 23 24 | 24.9
Stealth        | 1 2 3 4 6 |  6.0
Dodging        | 3 4 |  4.5
Invocations    | 3 4 7 8 10 11 12 13 14 15 16 17 18 19 | 19.7
Polearms       | 3 5 7 9 10 12 13 | 13.8
Shields        | 1 3 5 7 10 12 15 | 15.1
Evocations     | 7 10 13 15 17 | 17.7
Staves         | |  2.6
Throwing       | |  1.7

Action                   |  1- 3 |  4- 6 |  7- 9 | 10-12 | 13-15 | 16-18 | 19-21 | 22-24 | 25-27 || total
-------------------------+-------+-------+-------+-------+-------+-------+-------+-------+-------++-------
Melee: Quarterstaff      |    96 |    93 |   185 |       |       |       |       |       |       ||   374
       Tailslap          |    10 |    12 |    42 |    61 |   162 |   139 |   157 |   206 |    24 ||   813
       Trident           |       |       |   104 |   485 |   460 |       |       |       |       ||  1049
       Punch             |       |       |     2 |       |       |       |       |       |       ||     2
       Demon trident     |       |       |       |       |   617 |  1178 |  1468 |  1712 |   169 ||  5144
Throw: Throwing net      |       |     1 |       |     2 |       |       |       |     3 |       ||     6
       Dart              |       |     4 |     5 |     6 |     8 |     4 |       |       |       ||    27
Invok: Recall Undead Har |       |       |       |     5 |     6 |     5 |     7 |     9 |     3 ||    35
       Bind Soul         |       |       |       |     1 |     5 |     5 |     1 |     5 |       ||    17
       Drain Life        |       |       |       |       |     1 |     1 |       |     1 |       ||     3
       Dark Bargain      |       |       |       |       |       |       |       |     2 |       ||     2
Evoke: Wand              |       |       |     4 |       |       |       |       |     7 |       ||    11
       Phantom mirror    |       |       |       |       |       |     1 |       |       |       ||     1
       Condenser vane    |       |       |       |       |       |       |     1 |     1 |     1 ||     3
       Box of beasts     |       |       |       |       |       |       |       |     1 |       ||     1
       Phial of floods   |       |       |       |       |       |       |       |     1 |       ||     1
  Use: Scroll            |    10 |     4 |    10 |     9 |     8 |    14 |     8 |    13 |     2 ||    78
       Potion            |       |       |       |     2 |     7 |       |     1 |    12 |     2 ||    24
 Stab: Sleeping          |     1 |     1 |     3 |       |       |       |       |       |       ||     5
       Distracted        |       |       |     2 |     6 |    19 |    24 |    18 |    25 |     6 ||   100
       Held in net/web   |       |       |       |     1 |       |       |       |       |       ||     1
       Petrified         |       |       |       |       |     3 |       |       |       |       ||     3
       Petrifying        |       |       |       |       |       |     1 |       |       |       ||     1
       Paralysed         |       |       |       |       |       |       |    28 |    17 |       ||    45
Armor: Leather armour    |    37 |    28 |    35 |       |       |       |       |       |       ||   100
       Plate armour      |       |       |   266 |   210 |       |       |       |       |       ||   476
       Crystal plate arm |       |       |       |   177 |   761 |   583 |   519 |   723 |   191 ||  2954
Dodge: Dodged            |    40 |    43 |   114 |    63 |    87 |    81 |    94 |   104 |    23 ||   649
Block: Buckler           |       |       |     2 |   101 |   125 |       |       |       |       ||   228
       Kite shield       |       |       |       |       |   184 |   376 |   422 |   458 |    93 ||  1533
       Reflection        |       |       |       |       |       |    37 |    46 |     8 |     1 ||    92

Table legend: (Time is in decaauts)
 A = Elapsed time spent in this place.
 B = Non-inter-level travel time spent in this place.
 C = Inter-level travel time spent in this place.
 D = Time resting spent in this place.
 E = Time spent auto-exploring this place.
 F = Levels seen in this place.
 G = Mean time per level.
                   A        B        C        D        E       F      G
               +--------+--------+--------+--------+--------+-----+--------+
         Total |  53388 |  48389 |   4999 |   3148 |  34791 |  56 |  953.4 |
       Dungeon |  14881 |  12929 |   1952 |   1060 |   9595 |  15 |  992.1 |
        Temple |     48 |     48 |      0 |      0 |     40 |   1 |   48.0 |
          Lair |   6851 |   6042 |    809 |    191 |   5017 |   5 | 1370.2 |
        Shoals |   3544 |   3399 |    145 |      3 |   2623 |   4 |  886.0 |
   Spider Nest |   4734 |   4530 |    204 |    242 |   3227 |   4 | 1183.5 |
    Slime Pits |   1274 |   1217 |     57 |    393 |    424 |   5 |  254.8 |
  Orcish Mines |   2096 |   1856 |    240 |    106 |   1310 |   2 | 1048.0 |
   Elven Halls |   3593 |   3398 |    195 |    242 |   2393 |   3 | 1197.7 |
        Vaults |   5813 |   5050 |    763 |    152 |   3906 |   4 | 1453.2 |
         Crypt |   2400 |   2181 |    219 |    277 |   1277 |   3 |  800.0 |
        Depths |   4698 |   4403 |    295 |    305 |   2909 |   4 | 1174.5 |
           Zot |   2736 |   2621 |    115 |    144 |   1900 |   4 |  684.0 |
        Wizlab |    333 |    333 |      0 |      0 |      0 |   1 |  333.0 |
      Gauntlet |    380 |    380 |      0 |     30 |    167 |   1 |  380.0 |
               +--------+--------+--------+--------+--------+-----+--------+

Top non-repeatable levels by time:
   Elf:3: 1628 daAuts
Vaults:1: 1628 daAuts
Spider:3: 1627 daAuts
  Lair:3: 1619 daAuts
    D:11: 1579 daAuts
Vaults:2: 1520 daAuts
Depths:3: 1502 daAuts
    D:10: 1502 daAuts
  Lair:2: 1478 daAuts
Vaults:3: 1400 daAuts
  Lair:1: 1360 daAuts
  Lair:5: 1298 daAuts
Depths:4: 1290 daAuts
   Orc:2: 1274 daAuts
Vaults:4: 1264 daAuts
